 Dungeon Crawl Stone Soup version 0.31-a0-564-g3b7de120b3 (webtiles) character file.

Game seed: 3794633191674537372

415 Duck the Trooper (level 6, -1/71 HPs)
             Began as an Ogre Berserker on Aug 17, 2023.
             Was a Priest of Trog.
             Slain by Dowan
             ... wielding a +0 dagger
              (3 damage)
             ... on level 4 of the Dungeon.
             The game lasted 00:07:52 (4208 turns).

Duck the Trooper (Ogre Berserker)                   Turns: 4208, Time: 00:07:54

Health: -1/71      AC:  6    Str: 24    XL:     6   Next: 92%
Magic:  6/6        EV: 10    Int:  8    God:    Trog [***...]
Gold:   144        SH:  0    Dex:  8    Spells: 5/5 levels left

rFire   . . .        a - +0 hand axe
rCold   . . .        (no shield)
rNeg    . . .        u - +2 robe
rPois   .            (helmet restricted)
rElec   .            s - +0 cloak
rCorr   .            (gloves unavailable)
SInv    .            (boots unavailable)
Will    .....        (no amulet)
Stlth   +            (no ring)
HPRegen 0.31/turn    (no ring)
MPRegen 0.10/turn

%: no passive effects
@: lethally poisoned (-1 -> -5), on berserk cooldown, slowed, very slow
A: large, unfitting armour, tough skin 1
a: Renounce Religion, Berserk, Trog's Hand


You were on level 4 of the Dungeon.
You worshipped Trog.
Trog was most pleased with you.
You visited 1 branch of the dungeon, and saw 4 of its levels.

You collected 232 gold pieces.
You spent 88 gold pieces at shops.

Inventory:

Hand Weapons
 a - a +0 hand axe (weapon)
 q - a +1 dagger of venom
Missiles
 p - 10 stones (quivered)
 r - 5 atropa-tipped darts
Armour
 b - a +0 animal skin
 s - a +0 cloak (worn)
 u - a +2 robe (worn)
Scrolls
 e - a scroll of teleportation {unknown}
 f - a scroll of fog {unknown}
 g - a scroll of vulnerability {unknown}
 h - a scroll of torment {unknown}
 i - a scroll of identify {unknown}
 m - a scroll of poison {unknown}
 o - a scroll of brand weapon {unknown}
Potions
 c - 3 potions of curing {unknown}
 d - a potion of heal wounds {unknown}
 j - 2 potions of might {unknown}
 k - 2 potions of lignification {unknown}
 l - 2 potions of degeneration {unknown}
 n - a potion of mutation {unknown}
 t - a potion of haste {unknown}


   Skills:
 * Level 7.2 Fighting
 + Level 4.3 Axes
 + Level 2.2 Throwing
 - Level 1.1 Armour
 + Level 3.6 Dodging


You had 5 spell levels left.
You didn't know any spells.
Your spell library was empty.

Dungeon Overview and Level Annotations

Branches:
Dungeon (4/15)
 Temple: D:4-7

Altars:
Wu Jian

Shops:
D:3 [

Annotations:
D:4 Dowan


Innate Abilities, Weirdness & Mutations

You are too large for most types of armour.
You have tough skin. (AC +1)


Message History

You slash Duvessa!
Duvessa is almost dead.
You feel very sick.
Duvessa hits you with a +5 short sword of venom.
You hit Duvessa.
Duvessa is almost dead.
You feel sick. Duvessa hits you but does no damage.
You are more poisoned.
You hit Duvessa.
You kill Duvessa!
Trog accepts your kill.
Dowan screams, "No!
No!"
Dowan seems to find hidden reserves of power!
You feel very sick.
Your Fighting skill increases to level 7!
Your Throwing skill increases to level 2!
You feel sick.
You feel a strong urge to attack something.
You feel sick. Dowan hits you but does no damage.
You slash Dowan!
Dowan is severely wounded.
You are no longer berserk.
You are exhausted.
You feel yourself slow down.
You feel sick. Dowan hits you but does no damage.
You closely miss Dowan.
Dowan is severely wounded.
You feel very sick. Dowan hits you with a +0 dagger.
* * * LOW HITPOINT WARNING * * *
Dowan casts a spell at you. The stone arrow hits you.
* * * LOW HITPOINT WARNING * * *
You hit Dowan.
Dowan is severely wounded.
You feel sick. Dowan closely misses you.
Dowan says, "Magic will overcome all!"
Dowan hits you with a +0 dagger.
* * * LOW HITPOINT WARNING * * *
Dowan hits you with a +0 dagger.
You die...

#####.#####
######.........#
..>............#
#####...........#
#.........#.#
#.........# #
#.....>$..#
##.).......#
#.@........#
#.e.........
#.###.#.... #.
.##### .. .# #..
##. #.


You could see Dowan (fast).

Vanquished Creatures
  Duvessa (D:4)
  2 scorpions (D:4)
  2 iguanas
  An orc wizard (D:4)
  4 adders
  2 worms
  8 orcs
  5 bats
  8 endoplasms
  6 giant cockroaches
  A hobgoblin (D:1)
  3 jackals (D:3)
  7 kobolds
  3 quokkas
  9 ball pythons
  3 frilled lizards
  3 goblins
  7 rats
75 creatures vanquished.

Notes
Turn   | Place    | Note
-------+----------+-------------------------------------------
     0 | D:1      | Duck the Ogre Berserker began the quest for the Orb.
     0 | D:1      | Reached XP level 1. HP: 24/24 MP: 1/1
   247 | D:1      | Reached XP level 2. HP: 33/33 MP: 2/2
   790 | D:1      | Reached ** piety under Trog
  1062 | D:2      | Reached XP level 3. HP: 41/41 MP: 3/3
  1137 | D:2      | Reached skill level 5 in Fighting
  1137 | D:2      | Reached skill level 1 in Armour
  2053 | D:2      | Reached XP level 4. HP: 50/50 MP: 4/4
  3337 | D:3      | Found an ornate altar of the Wu Jian Council.
  3651 | D:3      | Reached XP level 5. HP: 55/59 MP: 5/5
  3747 | D:3      | Found Zived's Antique Armour Shop.
  3750 | D:3      | Bought a runed robe for 88 gold pieces
  3906 | D:4      | Reached skill level 6 in Fighting
  3906 | D:4      | Reached skill level 1 in Throwing
  3959 | D:4      | Reached *** piety under Trog
  4189 | D:4      | Noticed Duvessa
  4191 | D:4      | Noticed Dowan
  4198 | D:4      | Reached XP level 6. HP: 54/68 MP: 6/6
  4203 | D:4      | Killed Duvessa
  4204 | D:4      | Reached skill level 7 in Fighting
  4208 | D:4      | HP: 2/71 [Dowan/+0 dagger (6)]
  4208 | D:4      | Slain by Dowan

Illustrated notes

Levels and vault maps discovered:
D:1:      nicolae_arrival_somewhat_less_tricky_arrival, layout_loops_corners,
          amethyst_killhole
D:2:      layout_basic, kennysheep_path_1
D:3:      layout_loops_cross, mainiacjoe_overflow_tiny_flanked, serial_shops,
          nicolae_shop_real_fake_doors
D:4:      layout_loops_ring, old_standard_altar, uniq_crazy_yiuf_cottage,
          uniq_duvessa

Skill      XL: |  1  2  3  4  5  6 |
---------------+-------------------+-----
Fighting       | 5 6 7 |  7.2
Armour         | 1 |  1.1
Dodging        | 3 |  3.6
Throwing       | 1 2 |  2.2
Axes           | 4 |  4.3

Action                     |  1- 3 |  4- 6 || total
---------------------------+-------+-------++-------
  Melee: Hand axe          |   103 |   145 ||   248
  Throw: Stone             |     9 |    16 ||    25
 Invoke: Berserk           |       |     1 ||     1
 Armour: Animal skin       |    44 |    28 ||    72
         Robe              |       |    38 ||    38
  Dodge: Dodged            |    63 |    79 ||   142

Table legend: (Time is in decaauts)
 A = Elapsed time spent in this place.
 B = Non-inter-level travel time spent in this place.
 C = Inter-level travel time spent in this place.
 D = Time resting spent in this place.
 E = Time spent auto-exploring this place.
 F = Levels seen in this place.
 G = Mean time per level.
                   A        B        C        D        E       F      G
               +--------+--------+--------+--------+--------+-----+--------+
         Total |   4237 |   3798 |    439 |    709 |   2489 |   4 | 1059.2 |
       Dungeon |   4237 |   3798 |    439 |    709 |   2489 |   4 | 1059.2 |
               +--------+--------+--------+--------+--------+-----+--------+

Top non-repeatable levels by time:
     D:2: 1365 daAuts
     D:1: 1307 daAuts
     D:3: 1252 daAuts
     D:4: 312 daAuts
